 Dungeon Crawl Stone Soup version 0.23-a0-455-ge12115f (webtiles) character file.

184 rgaf the Covered (level 5, -4/49 HPs)
             Began as a Deep Dwarf Fighter on Nov 25, 2018.
             Splashed by Ijyb's acid (14 damage)
             ... on level 4 of the Dungeon.
             The game lasted 00:01:32 (930 turns).

rgaf the Covered (Deep Dwarf Fighter)                Turns: 930, Time: 00:01:32

Health: -4/49      AC: -1    Str: 20    XL:     5   Next: 36%
Magic:  4/4        EV:  7    Int:  9    God:
Gold:   97         SH:  9    Dex: 12    Spells: 4/4 levels left

rFire    . . .     SeeInvis .   a - +0 war axe
rCold    . . .     Gourm    .   c - +0 shield
rNeg     . . .     Faith    .   b - +0 scale mail
rPois    .         Spirit   .   k - +1 helmet
rElec    .         Reflect  .   (no cloak)
rCorr    .         Harm     .   (no gloves)
MR       .....                  h - +0 pair of boots
Stlth    ..........             o - amulet of the acrobat
HPRegen  0.00/turn              (no ring)
MPRegen  0.09/turn              (no ring)

@: corroded, non-regenerating
A: damage resistance, heal wounds, sense surroundings 1, no regeneration
a: Heal Wounds


You were on level 4 of the Dungeon.
You were not hungry.

You visited 1 branch of the dungeon, and saw 4 of its levels.

You collected 97 gold pieces.

Inventory:

Hand Weapons
 a - a +0 war axe (weapon)
Armour
 b - a +0 scale mail (worn)
 c - a +0 shield (worn)
 h - a +0 pair of boots (worn)
 k - a +1 helmet (worn)
Jewellery
 o - an amulet of the acrobat (around neck)
Scrolls
 d - a scroll of teleportation {unknown}
 i - a scroll of identify
 l - a scroll of magic mapping
 m - a scroll of fog
Potions
 e - a potion of curing {unknown}
 j - a potion of heal wounds
 n - a potion of flight
Comestibles
 f - 3 rations
 g - 16 chunks of flesh


   Skills:
 + Level 3.4 Fighting
 * Level 4.2 Axes
 + Level 4.2 Armour
 + Level 4.2 Shields


You had 4 spell levels left.
You didn't know any spells.
Your spell library was empty.

Dungeon Overview and Level Annotations

Branches:
Dungeon (4/15)
 Temple: D:4-7

Altars:
Vehumet

Annotations:
D:3 1 transporter
D:4 Ijyb


Innate Abilities, Weirdness & Mutations

You are resistant to damage.
You can heal yourself by infusing magical energy.
You passively map a small area around you.
You do not regenerate.


Message History

* * * LOW HITPOINT WARNING * * *
You hit Ijyb but do no damage. Ijyb hits you with a +0 dagger.
You feel much better. Ijyb hits you with a +0 dagger.
Ijyb hits you but does no damage.
You closely miss Ijyb. Ijyb barely misses you.
Ijyb screams, "You nasty!
Big nasty!"
Ijyb hits you but does no damage.
You hit Ijyb but do no damage. Ijyb hits you but does no damage.
You hit Ijyb.
Ijyb is lightly wounded.
Ijyb barely misses you.
You hit Ijyb.
Ijyb is lightly wounded.
Ijyb hits you with a +0 dagger. x2
You hit Ijyb but do no damage.
Ijyb is lightly wounded.
Ijyb zaps a wand.
The bolt of acid hits you!
* * * LOW HITPOINT WARNING * * *
The acid corrodes you!
You are splashed with acid!
The acid burns!
You die...

****##....,,,,,,,,,**,,,,,**
**,,......,,,****,,,,,,,,,* ***
,,,,......#*** *****,,,,,*****,,
,,,,.......## **,,,,,,,****
,,,,........# **,,,****
,,,,...:....#### **,,**
,,,,......g....## *,,,*
,,,,.........##g## *,,,*** *
,,,,.........###@## #..,,,******
,,,,J........####.###*....,,,,,,,
,,,,..........# #...#**....,****,
,,>,..........# ##..# *#..#** ##
,,,,..........###..## #..######.
,,,,..........##...# ##..##.....
,,,,..............## #......##..
,,,,..............## #.....#####
,,,,[..........##..####....## #


You could see Ijyb.

Vanquished Creatures
  An ogre (D:4)
  An orc wizard (D:3)
  2 adders
  3 worms (D:2)
  A dart slug (D:1)
  A leopard gecko (D:3)
  4 orcs (D:3)
  A giant cockroach (D:1)
  6 goblins
  5 hobgoblins
  A jackal (D:3)
  4 kobolds
  A quokka (D:2)
  3 bats
  4 rats
38 creatures vanquished.

Notes
Turn   | Place    | Note
-------+----------+-------------------------------------------
     0 | D:1      | rgaf the Deep Dwarf Fighter began the quest for the Orb.
     0 | D:1      | Reached XP level 1. HP: 20/20 MP: 1/1
    99 | D:1      | Reached XP level 2. HP: 25/27 MP: 2/2
   383 | D:2      | Found a radiant altar of Vehumet.
   464 | D:2      | Reached XP level 3. HP: 34/34 MP: 3/3
   645 | D:3      | Found a transporter.
   666 | D:3      | Reached XP level 4. HP: 28/42 MP: 4/4
   823 | D:4      | Noticed an ogre
   834 | D:4      | Killed an ogre
   834 | D:4      | Reached XP level 5. HP: 17/49 MP: 5/5
   910 | D:4      | Noticed Ijyb
   930 | D:4      | Splashed by Ijyb's acid

Vault maps used:
D:1:      wander_arrival_chamber, chequers_decorated_corner
D:2:      overflow_temple_1_default
D:3:      gammafunk_temple_overflow_arena, lemuel_coloured_pillars_altar,
          lemuel_doored_altar, overflow_temple_1_default, first_ration,
          st_stairs_7
D:4:      kennysheep_generic_room_3, uniq_ijyb

Skill      XL: |  1  2  3  4 |
---------------+-------------+-----
Fighting       | 3 |  3.4
Axes           | 3 4 |  4.2
Armour         | 4 |  4.2
Shields        | 4 |  4.2

Action                   |  1- 3 |  4- 6 || total
-------------------------+-------+-------++-------
Melee: War axe           |   101 |    34 ||   135
 Abil: Heal Wounds       |     1 |     4 ||     5
  Use: Scroll            |       |     5 ||     5
       Potion            |       |     1 ||     1
Armor: Scale mail        |    42 |    10 ||    52
Dodge: Dodged            |    25 |     9 ||    34
Block: Shield            |    56 |     9 ||    65

Table legend:
 A = Non-vault XP
 B = Vault XP
 C = Vault XP percentage of total XP
 D = Non-vault monster count
 E = Vault monster count
 F = Vault count percentage of total count
                 A         B        C        D         E       F
            +---------+---------+-------+---------+---------+-------
      Total |     260 |       4 |   1.5 |      36 |       2 |   5.3
            +---------+---------+-------+---------+---------+-------
        D:1 |      17 |       0 |   0.0 |       8 |       0 |   0.0
        D:2 |      33 |       0 |   0.0 |      14 |       0 |   0.0
        D:3 |      71 |       4 |   5.3 |      12 |       2 |  14.3
        D:4 |     139 |       0 |   0.0 |       2 |       0 |   0.0
            +---------+---------+-------+---------+---------+-------
